 Dungeon Crawl Stone Soup version 0.31-a0-1522-g43313d8a59 (webtiles) character file.

Game seed: 2335649075550003278

4 AstroCodex24 the Covered (level 1, -2/18 HPs)
             Began as a Demigod Fighter on Dec 30, 2023.
             Slain by an orc
             ... wielding a +2 whip of distortion
              (14 damage)
             ... on level 3 of the Dungeon.
             The game lasted 00:00:32 (145 turns).

AstroCodex24 the Covered (Demigod Fighter)           Turns: 145, Time: 00:00:33

Health: -2/18      AC:  6    Str: 17    XL:     1   Next: 46%
Magic:  3/3        EV:  9    Int: 10    God:
Gold:   13         SH:  4    Dex: 13    Spells: 0/0 levels left

rFire   . . .        a - +0 war axe
rCold   . . .        c - +0 buckler
rNeg    . . .        b - +0 scale mail
rPois   .            (no helmet)
rElec   .            (no cloak)
rCorr   .            (no gloves)
SInv    .            (no boots)
Will    .....        (no amulet) Stlth
                     (no ring)
HPRegen 0.23/turn    (no ring)
MPRegen 0.08/turn

%: no passive effects
@: no status effects
A: high MP 1, forlorn, divine attributes
a: no special abilities


You were on level 3 of the Dungeon.
You visited 1 branch of the dungeon, and saw 3 of its levels.

You collected 13 gold pieces.

Inventory:

Hand Weapons
 a - a +0 war axe (weapon)
Armour
 b - a +0 scale mail (worn)
 c - a +0 buckler (worn)
Scrolls
 g - a scroll of vulnerability {unknown}
 h - a scroll of identify {unknown}
Potions
 d - a potion of might
 e - 2 potions of enlightenment {unknown}
 f - a potion of magic {unknown}


   Skills:
 + Level 2.8 Fighting
 + Level 1.8 Axes
 + Level 2.8 Armour
 + Level 2.7 Shields


You couldn't memorise any spells.
You didn't know any spells.
Your spell library was empty.

Dungeon Overview and Level Annotations

Branches:
Dungeon (3/15)

Shops:
D:3 :

Annotations:
D:3 3 runed translucent doors, BigPumpCobain's ghost, amateur MiFi; Tollund's ghost, amateur GrEE


Innate Abilities, Weirdness & Mutations

You have an increased reservoir of magic. (+10% MP)
You shall have no god before yourself.
Your divine heritage dramatically boosts your attributes as you level up.


Message History

The ball python hisses angrily.
The ball python moves out of view.
The ball python closely misses you. The ball python barely misses you.
You slash the ball python!
You kill the ball python!
You see here a ball python corpse.
Found an orange potion and 12 gold pieces.
f - an orange potion
Found a scroll labelled CUTSIO ONETT and a ring mail.
Found 5 gold pieces.
g - a scroll labelled CUTSIO ONETT You now have 5 gold pieces.
You open the door.
Found a stone staircase leading down.
There is an open door here.
A hobgoblin comes into view.
The hobgoblin shouts!
There is a stone staircase leading down here.
The hobgoblin hits you.
You slash the hobgoblin!
You kill the hobgoblin!
You see here a hobgoblin corpse.
There is a stone staircase leading down here.
There is a stone staircase leading down here.
You climb downwards.
Found a scroll labelled COGUSE ERADA.
Found Xotifyfu's Vocational Training.
There is a stone staircase leading up here.
h - a scroll labelled COGUSE ERADA
Found a ring mail.
Found 8 gold pieces.
Found 10 gold pieces.
Found a book of Iron and a fizzy clear potion.
You now have 13 gold pieces (gained 8).
An orc comes into view. It is wielding a +2 whip of distortion.
The orc shouts!
Found a stone staircase leading down.
BigPumpCobain's ghost hits something!
The orc hits you with a +2 whip of distortion.
Space warps horribly around you!
Ouch! That really hurt!
You die...

##8.....8##.....#
#!.......:#.....#
#P.......P#..##.#
#⌠.......⌠#..##.#
#######PWW.....P#..##.#
......####+++####......
.................##.#
.##.##..#.......##..####
......o@............#
....##.####.##..##..# .
... .......##..# ..>..
###.###.##..# ##.### ###
#...... #. ####### #


You could see BigPumpCobain's ghost, Tollund's ghost and an orc.

Vanquished Creatures
  A ball python (D:2)
  A bat (D:2)
  A hobgoblin (D:2)
  A rat (D:2)
4 creatures vanquished.

Notes
Turn   | Place    | Note
-------+----------+-------------------------------------------
     0 | D:1      | AstroCodex24 the Demigod Fighter began the quest for the
                  | Orb.
     0 | D:1      | Reached XP level 1. HP: 18/18 MP: 3/3
   104 | D:3      | Found Xotifyfu's Vocational Training.
   131 | D:3      | Found a runed translucent gate.
   131 | D:3      | Found a runed translucent gate.
   131 | D:3      | Found a runed translucent gate.
   132 | D:3      | Noticed BigPumpCobain's ghost (amateur MiFi)
   133 | D:3      | Noticed Tollund's ghost (amateur GrEE)
   145 | D:3      | Slain by an orc

Illustrated notes

Levels and vault maps discovered:
D:1:      dpeg_arrival_fog, layout_loops_ring, serial_shops,
          nicolae_shop_rolling_square, dk_noncrumbling_2
D:2:      layout_basic
D:3:      minmay_razor_zed, layout_basic, gammafunk_ghost_cemetery,
          nicolae_shop_vocational

Action                     || total
---------------------------++-------
  Melee: War axe           ||     5
 Armour: Scale mail        ||     3
  Dodge: Dodged            ||     3

Table legend: (Time is in decaauts)
 A = Elapsed time spent in this place.
 B = Non-inter-level travel time spent in this place.
 C = Inter-level travel time spent in this place.
 D = Time resting spent in this place.
 E = Time spent auto-exploring this place.
 F = Levels seen in this place.
 G = Mean time per level.
                   A        B        C        D        E       F      G
               +--------+--------+--------+--------+--------+-----+--------+
         Total |    146 |    146 |      0 |      0 |      0 |   3 |   48.7 |
       Dungeon |    146 |    146 |      0 |      0 |      0 |   3 |   48.7 |
               +--------+--------+--------+--------+--------+-----+--------+

Top non-repeatable levels by time:
     D:2: 103 daAuts
     D:3: 40 daAuts
     D:1: 2 daAuts
